 Dungeon Crawl Stone Soup version 0.25.0-9-g26727b657a (webtiles) character file.

Game seed: 2836100063517870195

3431 HoaS the Grappler (level 10, -3/99 HPs)
             Began as a Gargoyle Berserker on June 21, 2020.
             Was an Elder of Trog.
             Killed by divine providence
             ... invoked by an orc priest
              (9 damage)
             ... on level 11 of the Dungeon.
             The game lasted 00:13:38 (6098 turns).

HoaS the Grappler (Gargoyle Berserker)              Turns: 6098, Time: 00:13:38

Health: -3/99      AC: 18    Str: 24    XL:     10   Next: 5%
Magic:  10/10      EV:  7    Int:  8    God:    Trog [****..]
Gold:   347        SH:  0    Dex:  9    Spells: 9/9 levels left

rFire    . . .     SeeInvis .     - Unarmed
rCold    . . .     Gourm    .   (no shield)
rNeg     + . .     Faith    .   z - +0 plate armour
rPois    ∞         Spirit   .   (no helmet)
rElec    +         Reflect  .   (no cloak)
rCorr    .         Harm     .   (no gloves)
MR       ++...                  (no boots)
Stlth    ..........             (no amulet)
HPRegen  1.26/turn              (no ring)
MPRegen  0.12/turn              (no ring)

@: berserking (expiring), regenerating, very quick
A: negative energy resistance 1, electricity resistance, unbreathing,
petrification resistance, rot immunity, AC +7
a: Berserk, Trog's Hand, Brothers in Arms, Renounce Religion


You were on level 11 of the Dungeon.
You worshipped Trog.
Trog was greatly pleased with you.
You were hungry.

You visited 1 branch of the dungeon, and saw 9 of its levels.

You collected 347 gold pieces.

Inventory:

Armour
 z - a +0 plate armour (worn)
Jewellery
 g - a +6 ring of dexterity {unknown}
 p - an uncursed ring of ice {unknown}
 r - an uncursed ring of resist corrosion
 A - an uncursed ring of protection from fire
Wands
 d - a wand of disintegration (3)
 o - a wand of random effects (27)
 y - a wand of flame (8)
 B - a wand of clouds (4)
Scrolls
 c - 5 scrolls of identify {unknown}
 e - 3 scrolls of enchant armour {unknown}
 f - 3 scrolls of remove curse {unknown}
 h - 2 scrolls of enchant weapon {unknown}
 m - 3 scrolls of teleportation {unknown}
 n - a scroll of immolation {unknown}
 t - 2 scrolls of blinking {unknown}
Potions
 a - a potion of brilliance {unknown}
 i - 3 potions of might {unknown}
 j - a potion of lignification {unknown}
 k - a potion of curing {unknown}
 l - a potion of haste {unknown}
 q - 3 potions of heal wounds {unknown}
 s - a potion of degeneration {unknown}
 u - a potion of mutation {unknown}
 v - a potion of stabbing {unknown}
 w - a potion of cancellation {unknown}
 x - a potion of invisibility {unknown}
Comestibles
 b - 7 rations
 C - 4 chunks of flesh


   Skills:
 + Level 9.4 Fighting
 - Level 2.1 Armour
 - Level 1.5 Dodging
 * Level 11.6 Unarmed Combat


You had 9 spell levels left.
You didn't know any spells.
Your spell library was empty.

Dungeon Overview and Level Annotations

Branches:
Dungeon (7/15)             Temple (0/1) D:4

Altars:
Kikubaaqudgha
Wu Jian
Xom
Yredelemnul
The Shining One


Innate Abilities, Weirdness & Mutations

You are resistant to torment.
Your stone body is resilient. (AC +7)
You are immune to poison.
You resist negative energy. (rN+)
You are resistant to electric shocks. (rElec)
You can survive without breathing.
You are immune to petrification.
You are immune to rotting.


Message History

Your Unarmed Combat skill increases to level 11!
You have reached level 10!
The orc priest calls down the wrath of Beogh upon you.
Beogh smites you!
* * * LOW HITPOINT WARNING * * *
You hear a shout!
You hit the ice beast.
The ice beast is lightly wounded.
You barely miss the ice beast.
The ice beast is lightly wounded.
The ice beast hits you.
* * * LOW HITPOINT WARNING * * *
The ice beast freezes you!
* * * LOW HITPOINT WARNING * * *
An orc comes into view.
You pummel the ice beast!!
The ice beast is almost dead.
The orc priest mumbles some strange prayers to Beogh against you.
Beogh smites you!
You die...

....# ....#
#+########## ....###
...........# .......
o..........# .......
...........# .......
..........o##.......
.....o..ooOY@.......
..........o##.#+#+#+
....(......# .#
############ .# ..
##


You could see an orc warrior, an ice beast, an ogre, 2 orc priests and 2 orcs.

Vanquished Creatures
  A hydra (D:11)
  Grinder (D:3)
  Sigmund (D:3)
  A hungry ghost (D:7)
  Duvessa (D:4)
  3 sky beasts
  2 ogres
  2 phantoms
  2 centaurs (D:6)
  A gnoll sergeant (D:3)
  Dowan (D:4)
  2 scorpions
  4 wights (D:6)
  2 crimson imps
  A quasit (D:6)
  4 hounds
  3 orc priests
  3 orc wizards
  A bullfrog skeleton (D:7)
  Jessica (D:2)
  Ijyb (D:3)
  6 worker ants
  A howler monkey zombie (D:5)
  A worker ant zombie (D:5)
  19 gnolls
  9 adders
  3 oozes
  3 adder skeletons
  2 worms (D:2)
  4 dart slugs
  2 leopard geckos
  21 orcs
  11 giant cockroaches
  9 goblins
  8 hobgoblins
  3 quokkas
  A ball python (D:3)
  8 bats
  7 frilled lizards
  5 kobolds
  3 rats
164 creatures vanquished.

Vanquished Creatures (others)
  5 dream sheep (D:4)
5 creatures vanquished.

Grand Total: 169 creatures vanquished

Notes
Turn   | Place    | Note
-------+----------+-------------------------------------------
     0 | D:1      | HoaS the Gargoyle Berserker began the quest for the Orb.
     0 | D:1      | Reached XP level 1. HP: 14/14 MP: 1/1
   263 | D:1      | Reached XP level 2. HP: 15/19 MP: 2/2
   753 | D:2      | Reached XP level 3. HP: 4/24 MP: 3/3
  1242 | D:2      | Reached skill level 4 in Unarmed Combat
  1362 | D:2      | Noticed Jessica
  1373 | D:2      | Killed Jessica
  1373 | D:2      | Reached ** piety under Trog
  1373 | D:2      | Reached XP level 4. HP: 24/29 MP: 4/4
  1669 | D:3      | Noticed a gnoll sergeant
  1689 | D:3      | Killed a gnoll sergeant
  1689 | D:3      | Reached skill level 5 in Unarmed Combat
  1689 | D:3      | Reached XP level 5. HP: 30/34 MP: 5/5
  1710 | D:3      | Noticed Grinder
  1710 | D:3      | Paralysed by Grinder for 5 turns
  1746 | D:3      | Paralysed by Grinder for 2 turns
  1754 | D:3      | Killed Grinder
  1754 | D:3      | Reached skill level 5 in Fighting
  1754 | D:3      | Reached skill level 6 in Unarmed Combat
  1754 | D:3      | Reached XP level 6. HP: 39/40 MP: 6/6
  2203 | D:3      | Reached XP level 7. HP: 44/44 MP: 7/7
  2356 | D:3      | Noticed Ijyb
  2366 | D:3      | Killed Ijyb
  2408 | D:3      | Noticed Sigmund
  2425 | D:3      | Killed Sigmund
  2425 | D:3      | Reached skill level 7 in Unarmed Combat
  3048 | D:4      | Noticed a dream sheep
  3048 | D:4      | Noticed a dream sheep
  3048 | D:4      | Noticed a dream sheep
  3048 | D:4      | Noticed a dream sheep
  3048 | D:4      | Noticed a dream sheep
  3048 | D:4      | Found a shimmering altar of Xom.
  3054 | D:4      | Killed a dream sheep
  3054 | D:4      | Killed a dream sheep
  3054 | D:4      | Killed a dream sheep
  3054 | D:4      | Killed a dream sheep
  3056 | D:4      | Killed a dream sheep
  3206 | D:4      | Reached *** piety under Trog
  3206 | D:4      | Reached XP level 8. HP: 43/52 MP: 8/8
  3329 | D:4      | Found a staircase to the Ecumenical Temple.
  3385 | D:4      | Reached skill level 8 in Unarmed Combat
  3485 | D:4      | Found an ornate altar of the Wu Jian Council.
  3782 | D:5      | Entered Level 5 of the Dungeon
  3831 | D:5      | Noticed Dowan
  3836 | D:5      | Noticed Duvessa
  4020 | D:4      | Killed Duvessa
  4037 | D:4      | Killed Dowan
  4109 | D:5      | Found an ancient bone altar of Kikubaaqudgha.
  4168 | D:5      | Reached skill level 9 in Unarmed Combat
  4408 | D:5      | Found a basalt altar of Yredelemnul.
  4926 | D:6      | Reached XP level 9. HP: 59/59 MP: 9/9
  5227 | D:6      | Reached skill level 10 in Unarmed Combat
  5683 | D:6      | Found a glowing golden altar of the Shining One.
  5713 | D:7      | Reached **** piety under Trog
  5750 | D:7      | Paralysed by fainting for 6 turns
  5888 | D:7      | You fall into a shaft and drop 1 floor!
  6081 | D:8      | You fall into a shaft and drop 3 floors!
  6081 | D:11     | Noticed a four-headed hydra
  6095 | D:11     | Killed a four-headed hydra
  6095 | D:11     | Reached skill level 11 in Unarmed Combat
  6095 | D:11     | Reached XP level 10. HP: 28/66 MP: 10/10
  6098 | D:11     | Killed from afar by an orc priest

Illustrated notes

Levels and vault maps discovered:
D:1:      dpeg_arrival_radiant, layout_rooms, hangedman_abyss_or_decor_stabs,
          hex_tiny
D:2:      layout_basic, first_ration, uniq_jessica
D:3:      layout_basic, minivault_5, minmay_misc_feat_secret_circle,
          uniq_sigmund, uniq_grinder, uniq_ijyb
D:4:      layout_basic, kennysheep_mini, kb_xom_exploding_sheep,
          temple_fountains
D:5:      layout_basic, old_standard_altar, yredelemnul_altar_generic,
          minmay_strange_pillars, uniq_duvessa
D:6:      layout_loops_ring, lemuel_coloured_pillars_altar
D:7:      layout_basic
D:8:      layout_layer_cave, the_bakery, nemelex_spade_bored_becter
D:11:     layout_basic

Skill      XL: |  1  2  3  4  5  6  7  8  9 |
---------------+----------------------------+-----
Unarmed Combat | 4 5 6 7 9 11 | 11.6
Fighting       | 4 5 6 7 9 |  9.4
Armour         | |  2.1
Dodging        | |  1.5

Action                   |  1- 3 |  4- 6 |  7- 9 | 10-12 || total
-------------------------+-------+-------+-------+-------++-------
Melee: Unarmed           |   135 |   130 |   456 |     3 ||   724
       Punch             |     2 |     2 |    12 |       ||    16
Invok: Berserk           |     1 |     1 |     2 |       ||     4
       Trog's Hand       |       |     2 |     4 |       ||     6
Evoke: Wand              |       |       |     1 |       ||     1
  Eat: Chunk             |     2 |     5 |    16 |       ||    23
       Ration            |       |       |     2 |       ||     2
Armor: Animal skin       |    12 |       |       |       ||    12
       Chain mail        |    57 |    69 |   265 |       ||   391
       Leather armour    |     4 |       |       |       ||     4
       Plate armour      |       |       |    17 |       ||    17
Dodge: Dodged            |    72 |    51 |   146 |       ||   269
